 Dungeon Crawl Stone Soup version 0.27-a0-633-gc6addc0a40 (webtiles) character file.

Game seed: 2952643300883637466

8491 sahdkjhfkaj the Fighter (level 11, -9/108 HPs)
             Began as a Palentonga Fighter on Mar 13, 2021.
             Was a High Priest of Cheibriados.
             Mangled by an orc warrior
             ... wielding a +0 halberd
              (22 damage)
             ... in a bailey.
             The game lasted 00:08:59 (12119 turns).

sahdkjhfkaj the Fighter (Palentonga Fighter)       Turns: 12119, Time: 00:09:00

Health: -9/108     AC: 26    Str: 34    XL:     11   Next: 10%
Magic:  11/11      EV:  6    Int: 26    God:    Cheibriados [*****.]
Gold:   406        SH: 13    Dex: 23    Spells: 10/10 levels left

rFire    . . .     SeeInvis +   a - +3 hand axe (freeze)
rCold    . . .     Faith    .   c - +0 kite shield
rNeg     + . .     Spirit   .   o - +0 chain mail
rPois    .         Reflect  .   n - +0 helmet
rElec    .         Harm     .   j - +4 cloak of Yleakhen {Int+4}
rCorr    .         Rampage  .   f - +2 pair of gloves {archery}
Will     .....                  (no barding)
Stlth    ..........             (no amulet)
HPRegen  0.28/turn              i - ring of positive energy
MPRegen  0.12/turn              (no ring)

@: about to teleport, curled up, very slow
A: large, rugged brown scales 3, see invisible, deformed body, roll 1, armoured
tail, reflexive curl, stinger 1, camouflage 1, agile 1
a: Rolling Charge, Renounce Religion, Bend Time, Temporal Distortion, Slouch,
Step From Time


You were in a bailey.
You worshipped Cheibriados.
Cheibriados was extremely pleased with you.
You visited 1 branch of the dungeon, and saw 9 of its levels.
You also visited: Bailey.

You collected 653 gold pieces.
You spent 247 gold pieces at shops.

Inventory:

Hand Weapons
 a - a +3 hand axe of freezing (weapon)
Armour
 c - a +0 kite shield (worn)
 f - a +2 pair of gloves of archery (worn)
 j - the +4 cloak of Yleakhen (worn) {Int+4}
   (You bought it in a shop on level 6 of the Dungeon)

   It affects your intelligence (+4).
 n - a +0 helmet (worn)
 o - a +0 chain mail (worn)
Jewellery
 i - a ring of positive energy (right hand)
Wands
 t - a wand of digging (5)
 w - a wand of flame (17)
Scrolls
 b - a scroll of amnesia
 g - a scroll of immolation {unknown}
 k - 6 scrolls of teleportation
 l - a scroll of magic mapping
 p - a scroll of fog
 q - 3 scrolls of enchant armour
Potions
 d - 3 potions of might
 e - 2 potions of magic
 h - 3 potions of cancellation
 m - 2 potions of lignification
 r - a potion of brilliance
 s - a potion of attraction {unknown}
 u - a potion of ambrosia
 v - a potion of invisibility {unknown}
 x - a potion of resistance
 z - 5 potions of curing
 A - a potion of heal wounds {unknown}


   Skills:
 * Level 10.4 Fighting
 * Level 10.3 Axes
 + Level 6.3 Armour
 + Level 6.3 Shields


You had 10 spell levels left.
You didn't know any spells.
Your spell library contained the following spells:

 Spells                   Type           Power      Damage    Failure   Level
 Corona                   Hex            0%         N/A       65%         1
 Ensorcelled Hibernation  Hex/Ice        0%         N/A       78%         2
 Confusing Touch          Hex            0%         N/A       95%         3
 Dazzling Flash           Conj/Hex       0%         N/A       95%         3
 Tukima's Dance           Hex            0%         N/A       95%         3


Dungeon Overview and Level Annotations

Branches:
Dungeon (9/15)             Temple (0/1) D:6            Lair (0/6) D:8
    Orc (0/2) D:9          Bailey (1/1)

Altars:
Ashenzari
Cheibriados
Dithmenos
Elyvilon
Fedhas
Kikubaaqudgha
Makhleb
Nemelex Xobeh
Okawaru
Qazlal
Uskayaw
Vehumet
Wu Jian
Zin

Shops:
D:4 (   D:6 [   D:7 [

Annotations:
D:3 Dowan, Duvessa
D:5 3 runed translucent doors, chippings's ghost, amateur DgFE


Innate Abilities, Weirdness & Mutations

You are completely covered in rugged brown scales. (AC +3, +7% HP)
You have supernaturally acute eyesight. (SInv)
Armour fits poorly on your strangely shaped body.
You can roll at nearby foes to attack.
You have a long armoured tail.
You curl defensively after being hit.
Your tail ends in a poisonous barb.
Your skin changes colour to match your surroundings (Stealth+).
You are agile. (Dex +2)


Message History

You barely miss the orc knight.
The orc knight is lightly wounded.
Your chain mail prevents you from hitting the orc warrior.
Unknown command.
You hit the orc knight. You freeze the orc knight.
You tail-slap the orc knight.
The orc knight is lightly wounded.
You hit the orc warrior but do no damage.
The orc knight hits you with a +0 glaive!
* * * LOW HITPOINT WARNING * * *
You block the orc warrior's attack.
Unknown command.
You completely miss the orc knight.
The orc knight is lightly wounded.
Your shield and chain mail prevent you from hitting the orc warrior.
You block the orc warrior's attack.
The orc knight hits you with a +0 glaive!!
* * * LOW HITPOINT WARNING * * *
Unknown command.
You feel better.
The orc warrior looks more healthy.
The orc warrior hits you with a +0 halberd.
* * * LOW HITPOINT WARNING * * *
You block the orc knight's attack.
Okay, then.
Okay, then.
Okay, then.
Okay, then.
Okay, then.
As you read the scroll of teleportation, it crumbles to dust.
You feel strangely unstable. You block the orc warrior's attack.
The orc warrior no longer looks unusually strong.
You block the orc knight's attack. You block the orc warrior's attack.
The orc knight roars a battlecry!
The orc warrior goes into a battle-frenzy!
There is a huge open gate here.
Things that are here:
a +0 halberd; a +0 ring mail; an orc corpse The orc knight completely misses you.
The orc warrior hits you from afar with a +0 halberd!!
You die...

#.......#
#.......#
#.......#
#.......#
#.......#
#.......#
#.oo..#
#')'''#
##..@..##
#.......#
#.)))...#
#)).)...#
#.).))..#
#..).)..#
##.....##
##'''##
#.....#


You could see an orc knight and an orc warrior (strong).

Vanquished Creatures
  A centaur warrior (D:8)
  Erica (D:9)
  Pikel (D:6)
  Joseph (D:8)
  Psyche (D:9)
  Prince Ribbit (D:7)
  Sigmund (D:6)
  Grum (D:8)
  Menkaure (D:4)
  Edmund (D:4)
  12 orc warriors
  A water moccasin (D:7)
  4 black bears
  3 ice beasts (D:7)
  A sky beast (D:7)
  2 ogres
  3 wolves (D:7)
  6 centaurs
  2 phantoms
  Blork the orc (D:6)
  2 lemures (D:6)
  7 bullfrogs
  2 scorpions
  9 wights
  A centaur zombie (D:9)
  A bullfrog zombie (D:7)
  A quasit (D:8)
  3 hounds
  A centaur skeleton (D:4)
  Crazy Yiuf (D:7)
  7 orc priests
  3 iguanas
  11 orc wizards
  4 worker ants
  A mummy (D:5)
  A hound skeleton (D:6)
  11 gnolls
  5 adders
  A shadow imp (D:4)
  5 white imps
  4 ufetubi
  2 oozes
  2 adder zombies (D:5)
  An adder skeleton (D:7)
  5 worms
  2 dart slugs
  7 leopard geckos
  77 orcs
  5 giant cockroaches
  10 hobgoblins
  2 jackals (D:1)
  6 quokkas
  8 bats
  4 frilled lizards
  10 goblins
  11 kobolds
  2 quokka skeletons
  3 rats
283 creatures vanquished.

Vanquished Creatures (others)
  15 fungi
  20 plants
35 creatures vanquished.

Grand Total: 318 creatures vanquished

Notes
Turn   | Place    | Note
-------+----------+-------------------------------------------
     0 | D:1      | sahdkjhfkaj the Palentonga Fighter began the quest for the
                  | Orb.
     0 | D:1      | Reached XP level 1. HP: 20/20 MP: 1/1
   455 | D:1      | Reached XP level 2. HP: 21/27 MP: 2/2
   724 | D:1      | You fall into a shaft and drop 1 floor!
   984 | D:2      | Found an ornate altar of the Wu Jian Council.
  1472 | D:2      | Reached XP level 3. HP: 26/33 MP: 3/3
  1636 | D:2      | Found a radiant altar of Vehumet.
  1984 | D:2      | Noticed a centaur
  1988 | D:2      | Killed a centaur
  1989 | D:2      | Reached XP level 4. HP: 30/42 MP: 4/4
  1993 | D:2      | Reached XP level 5. HP: 36/49 MP: 5/5
  2432 | D:3      | Found a burning altar of Makhleb.
  2432 | D:3      | Noticed an Executioner
  2671 | D:3      | Noticed a centaur
  2694 | D:3      | Gained mutation: Your skin changes colour to match your
                  | surroundings (Stealth+). [potion of mutation]
  2694 | D:3      | Gained mutation: Your tail ends in a poisonous barb.
                  | [potion of mutation]
  2694 | D:3      | Gained mutation: You are agile. (Dex +2) [potion of
                  | mutation]
  2711 | D:3      | Killed a centaur
  2712 | D:3      | Reached XP level 6. HP: 11/56 MP: 6/6
  3062 | D:3      | Found a broken altar of Ashenzari.
  3365 | D:4      | Noticed Duvessa
  3365 | D:4      | Noticed Dowan
  3742 | D:4      | Reached skill level 5 in Fighting
  3972 | D:4      | Noticed Menkaure
  3976 | D:4      | Killed Menkaure
  3977 | D:4      | Gained mutation: You curl defensively after being hit.
                  | [Palentonga growth]
  3977 | D:4      | Reached XP level 7. HP: 32/65 MP: 7/7
  4161 | D:4      | Reached skill level 5 in Axes
  4224 | D:4      | Found a blossoming altar of Fedhas.
  4256 | D:4      | Found a stormy altar of Qazlal.
  4525 | D:4      | Noticed Edmund
  4539 | D:4      | Killed Edmund
  4567 | D:4      | Found Gifeatea's Weapon Shop.
  4886 | D:5      | Entered Level 5 of the Dungeon
  4889 | D:5      | Noticed chippings's ghost (amateur DgFE)
  4935 | D:5      | Found a runed translucent gate.
  4935 | D:5      | Found a runed translucent gate.
  4935 | D:5      | Found a runed translucent gate.
  5539 | D:5      | Reached XP level 8. HP: 68/74 MP: 8/8
  5709 | D:5      | Found a snail-covered altar of Cheibriados.
  5723 | D:5      | Became a worshipper of Cheibriados the Contemplative
  5786 | D:5      | Found an ancient bone altar of Kikubaaqudgha.
  6615 | D:5      | Found a glowing silver altar of Zin.
  6969 | D:6      | Reached * piety under Cheibriados
  7189 | D:6      | Noticed Pikel
  7204 | D:6      | Killed Pikel
  7403 | D:6      | Reached XP level 9. HP: 79/84 MP: 9/9
  7485 | D:6      | Found a broken altar of Ashenzari.
  7513 | D:6      | Noticed Sigmund
  8112 | D:6      | Found a hide-covered altar of Uskayaw.
  8116 | D:6      | Found a sparkling altar of Nemelex Xobeh.
  8120 | D:6      | Found a shadowy altar of Dithmenos.
  8169 | D:6      | Found a staircase to the Ecumenical Temple.
  8210 | D:6      | Killed Sigmund
  8293 | D:6      | Found an iron altar of Okawaru.
  8301 | D:6      | Noticed Blork the orc
  8304 | D:6      | Killed Blork the orc
  8305 | D:6      | Reached skill level 5 in Shields
  8396 | D:6      | Found Jiarph's Antique Armour Emporium.
  8400 | D:6      | Bought a warped cloak for 247 gold pieces
  8400 | D:6      | Identified the +4 cloak of Yleakhen {Int+4} (You bought it
                  | in a shop on level 6 of the Dungeon)
  8617 | D:7      | Reached ** piety under Cheibriados
  8680 | D:7      | Noticed Prince Ribbit
  8683 | D:7      | Reached skill level 5 in Armour
  8686 | D:7      | Killed Prince Ribbit
  8911 | D:7      | Found Sodit's Armour Boutique.
  9280 | D:7      | Reached XP level 10. HP: 91/96 MP: 10/10
  9584 | D:7      | Found a runed translucent door.
  9585 | D:7      | Noticed Crazy Yiuf
  9786 | D:7      | Killed Crazy Yiuf
  9808 | D:8      | Noticed Joseph
  9808 | D:8      | Noticed Grum
  9895 | D:7      | Reached *** piety under Cheibriados
 10011 | D:8      | Killed Grum
 10017 | D:8      | Noticed a centaur warrior
 10021 | D:8      | Killed Joseph
 10039 | D:8      | Killed a centaur warrior
 10643 | D:8      | Reached **** piety under Cheibriados
 10842 | D:8      | Found a staircase to the Lair.
 11110 | D:9      | Found a white marble altar of Elyvilon.
 11113 | D:9      | Noticed Psyche
 11115 | D:9      | Killed Psyche
 11116 | D:9      | Reached skill level 10 in Fighting
 11172 | D:9      | Found a staircase to the Orcish Mines.
 11250 | D:9      | Noticed Erica
 11260 | D:9      | Killed Erica
 11261 | D:9      | Reached skill level 10 in Axes
 11261 | D:9      | Found a flagged portal.
 11478 | Bailey   | Entered a bailey
 11574 | Bailey   | Reached ***** piety under Cheibriados
 11575 | Bailey   | Reached XP level 11. HP: 107/107 MP: 11/11
 12098 | Bailey   | Noticed an orc knight
 12119 | Bailey   | Mangled by an orc warrior

Illustrated notes

Levels and vault maps discovered:
D:1:      dpeg_arrival_connections, layout_basic
D:2:      minmay_diamond_boxcup, layout_rooms, overflow_temple_1_default,
          nicolae_wu_jian_wuxing_cycle
D:3:      layout_rooms, makhleb_altar_promises_db, serial_bayou_pond_b,
          grunt_ministairs_3, cheibrodos_ashenzari_chains
D:4:      layout_basic, grunt_temple_overflow_forces_of_nature, serial_shops,
          nicolae_shop_crystal, minivault_25, uniq_duvessa, uniq_menkaure,
          uniq_edmund
D:5:      layout_layer_cave, slow_altar_1, kennysheep_little_box,
          gammafunk_ghost_split, basic_altar
D:6:      layout_loops_ring, lemuel_doored_altar,
          minmay_overflow_temple_star_quad, temple_doors_ab, serial_shops, shop,
          kennysheep_crisscross, okawaru_trees_2, uniq_blork_the_orc,
          uniq_sigmund, uniq_pikel
D:7:      layout_basic, serial_shops, shop, uniq_crazy_yiuf_cottage,
          uniq_prince_ribbit1
D:8:      layout_cave_pools, grunt_lair_entry_orc_guard_hut,
          minmay_fountain_box, roderic_filled_cross, uniq_joseph, uniq_grum
D:9:      layout_basic, kennysheep_mini_moat, orc_0_dummy, enter_bailey_4,
          uniq_psyche, uniq_erica
Bailey:   bailey_polearm_5, bailey

Skill      XL: |  1  2  3  4  5  6  7  8  9 10 |
---------------+-------------------------------+-----
Fighting       | 4 5 6 7 8 10 | 10.4
Axes           | 3 4 5 7 8 10 | 10.3
Shields        | 3 4 5 6 |  6.3
Armour         | 3 4 5 6 |  6.3

Action                   |  1- 3 |  4- 6 |  7- 9 | 10-12 || total
-------------------------+-------+-------+-------+-------++-------
Melee: War axe           |   101 |   105 |   311 |   111 ||   628
       Tailslap          |    13 |     9 |    56 |    35 ||   113
       Hand axe          |       |       |       |   113 ||   113
 Abil: Rolling Charge    |    23 |    24 |    53 |    43 ||   143
  Use: Potion            |       |     5 |     3 |     3 ||    11
       Scroll            |       |     1 |     9 |     1 ||    11
 Stab: Distracted        |       |     1 |       |       ||     1
Armor: Scale mail        |    43 |    26 |       |       ||    69
       Chain mail        |       |     5 |   149 |   152 ||   306
Dodge: Dodged            |    28 |    17 |    52 |    83 ||   180
Block: Kite shield       |    52 |    53 |   171 |   187 ||   463

Table legend: (Time is in decaauts)
 A = Elapsed time spent in this place.
 B = Non-inter-level travel time spent in this place.
 C = Inter-level travel time spent in this place.
 D = Time resting spent in this place.
 E = Time spent auto-exploring this place.
 F = Levels seen in this place.
 G = Mean time per level.
                   A        B        C        D        E       F      G
               +--------+--------+--------+--------+--------+-----+--------+
         Total |  13878 |  13423 |    455 |    202 |  11613 |  10 | 1387.8 |
       Dungeon |  13185 |  12730 |    455 |    202 |  11048 |   9 | 1465.0 |
        Bailey |    693 |    693 |      0 |      0 |    565 |   1 |  693.0 |
               +--------+--------+--------+--------+--------+-----+--------+

Top non-repeatable levels by time:
     D:5: 2775 daAuts
     D:7: 2100 daAuts
     D:6: 1538 daAuts
     D:2: 1450 daAuts
     D:4: 1419 daAuts
     D:1: 1129 daAuts
     D:8: 1089 daAuts
     D:3: 1019 daAuts
  Bailey: 693 daAuts
     D:9: 664 daAuts
